 Dungeon Crawl Stone Soup version 0.21.1-1-g345015f (webtiles) character file.

2755 troglodite the Covered (level 9, -4/71 HPs)
             Began as a Demonspawn Berserker on May 6, 2018.
             Was an Elder of Trog.
             Slain by an orc warlord
             ... wielding a +0 war axe
              (17 damage)
             ... in a bailey.
             The game lasted 00:24:08 (6305 turns).

troglodite the Covered (Demonspawn Berserker)       Turns: 6305, Time: 00:24:09

Health: -4/71      AC: 12    Str: 18    XL:     9   Next: 41%
Magic:  9/9        EV: 15    Int:  8    God:    Trog [****..]
Gold:   472        SH: 13    Dex: 21    Spells: 8/8 levels left

rFire    + . .     SeeInvis .   a - +0 falchion
rCold    x . .     Gourm    .   p - +0 large shield
rNeg     . . .     Faith    .   n - +0 ring mail (curse)
rPois    +         Spirit   .   (helmet unavailable)
rElec    .         Reflect  .   A - +2 cloak {rPois}
rCorr    .         Harm     .   (no gloves)
MR       .....                  v - +1 pair of boots
Stlth    ++++......             (no amulet)
HPRegen  0.21/turn              t - ring of stealth
MPRegen  0.11/turn              r - ring of fire

@: agile, berserk cooldown, slowed, very slow
A: horns 3, powered by pain 3, spiny 1
a: Berserk, Trog's Hand, Brothers in Arms, Burn Spellbooks, Renounce Religion


You were in a bailey.
You worshipped Trog.
Trog was greatly pleased with you.
You were not hungry.

You visited 1 branch of the dungeon, and saw 7 of its levels.
You also visited: Bailey.

You collected 472 gold pieces.

Inventory:

Hand Weapons
 a - a +0 falchion (weapon)
Armour
 e - a +0 chain mail
 k - a +0 plate armour
 n - a cursed +0 ring mail (worn)
 p - a +0 large shield (worn)
 v - a +1 pair of boots (worn)
 A - a +2 cloak of poison resistance (worn)
Jewellery
 r - a ring of fire (right hand)
 t - a ring of stealth (left hand)
Wands
 b - a wand of digging (18)
 l - a wand of iceblast (6)
 m - a wand of polymorph (14)
Scrolls
 f - 2 scrolls of enchant armour
 g - a scroll of teleportation
 j - a scroll of blinking {unknown}
 s - a scroll of remove curse
 y - a scroll of magic mapping
 B - a scroll of immolation {unknown}
 D - a scroll of enchant weapon {unknown}
 E - a scroll of identify
Potions
 d - a potion of flight
 h - 4 potions of might
 i - 4 potions of heal wounds
 o - a potion of haste {unknown}
 q - 4 potions of curing
 u - 2 potions of agility {unknown}
 w - 2 potions of lignification
 x - 2 potions of resistance
 z - a potion of mutation {unknown}
Comestibles
 c - 10 rations
 C - a chunk of flesh


   Skills:
 * Level 6.5 Fighting
 + Level 6.5 Long Blades
 * Level 6.7 Armour
 * Level 5.0 Dodging
 + Level 1.5 Stealth
 * Level 2.6 Shields


You had 8 spell levels left.
You didn't know any spells.

Dungeon Overview and Level Annotations

Branches:
Dungeon (7/15)             Temple (0/1) D:7

Altars:
Ashenzari
Cheibriados
Kikubaaqudgha
Sif Muna
Wu Jian
The Shining One


Innate Abilities, Weirdness & Mutations

You have a pair of large horns on your head.
You are powered by pain.
You are partially covered in sharp spines.


Message History

You are exhausted.
You feel yourself slow down.
The orc warlord hits you with a war axe!
You hit the orc warlord but do no damage.
You headbutt the orc warlord.
The orc warlord is almost dead.
You block the orc warlord's attack.
The orc warlord hits you with a war axe.
You hit the orc warlord but do no damage.
The orc warlord is almost dead.
The orc warlord hits you with a war axe.
You hit the orc warlord but do no damage.
Your headbutt misses the orc warlord.
The orc warlord is almost dead.
The orc warlord hits you with a war axe!!
* * * LOW HITPOINT WARNING * * *
You focus on the pain.
You feel agile all of a sudden.
The orc warlord hits you with a war axe!
You die...

##.....## ##.....##
##.......#######.......##
##..8.(8...........8..8..##
#...............).........#
#...............).........#
#...8......#'''#......8...#
##...))(####)≈≈####......##
♣##.....#≈≈≈)≈≈≈≈≈#.....##♣
♣.##.)..#≈.8.@.8.≈#.(..##.♣
♣♣..###'###...o...###'###..♣♣
♣.KK≈≈≈(#≈≈.8...8.≈≈#(≈≈≈K..♣
♣..K≈≈≈.#≈.........≈#(≈≈≈...♣
∩...≈≈≈.#≈....∩....≈#.≈≈≈...∩
♣...≈≈≈.##.........##.≈≈≈...♣
♣...≈≈≈(#≈..8...8..≈#.≈≈≈K..♣
♣♣..###'#≈.........≈#'###..♣♣
♣.##...#≈)!8o..8?:≈#...##.♣


You could see an orc warlord.

Vanquished Creatures
  The ghost of Scuka the Spear-Bearer, a novice MfBe of Trog (D:5)
  The ghost of Verendum the Chopper, an amateur HOAK of Lugonu (D:3)
  4 orc warriors (Bailey)
  Purgy (D:3)
  A phantom (D:4)
  4 ogres
  2 big kobolds (D:4)
  4 bullfrogs (D:6)
  6 killer bees
  A crimson imp (D:7)
  A centaur skeleton (D:4)
  2 orc priests
  A jelly (D:5)
  Crazy Yiuf (D:4)
  2 orc wizards (D:5)
  9 worker ants
  An iguana (D:6)
  5 gnolls
  3 adders
  An ooze (D:2)
  6 worms
  4 dart slugs
  A leopard gecko (D:6)
  15 orcs
  3 giant cockroaches
  10 hobgoblins
  4 jackals (D:5)
  19 kobolds
  3 quokkas
  A ball python (D:2)
  3 bats (D:3)
  5 frilled lizards
  12 goblins
  A leopard gecko skeleton (D:6)
  A leopard gecko zombie (D:6)
  5 rats
144 creatures vanquished.

Vanquished Creatures (collateral kills)
  A goblin (Bailey)
  A hobgoblin (Bailey)
2 creatures vanquished.

Grand Total: 146 creatures vanquished

Notes
Turn   | Place    | Note
-------+----------+-------------------------------------------
     0 | D:1      | troglodite the Demonspawn Berserker began the quest for the Orb.
     0 | D:1      | Reached XP level 1. HP: 18/18 MP: 1/1
   460 | D:1      | Gained mutation: You have a pair of small horns on your head. [demonic ancestry]
   460 | D:1      | Reached XP level 2. HP: 23/24 MP: 2/2
  1293 | D:2      | Gained mutation: You sometimes gain a little power by taking damage. [demonic ancestry]
  1293 | D:2      | Reached XP level 3. HP: 29/29 MP: 3/3
  1309 | D:2      | Found a deep blue altar of Sif Muna.
  1474 | D:3      | Noticed Verendum's ghost (amateur HOAK)
  1490 | D:3      | Killed Verendum's ghost
  1490 | D:3      | Reached ** piety under Trog
  1490 | D:3      | Reached XP level 4. HP: 19/38 MP: 4/4
  1490 | D:3      | Gained mutation: You have a pair of horns on your head. [demonic ancestry]
  1490 | D:3      | Reached XP level 5. HP: 21/43 MP: 5/5
  1683 | D:3      | Gained mutation: You have a pair of large horns on your head. [demonic ancestry]
  1683 | D:3      | Reached XP level 6. HP: 49/49 MP: 6/6
  1827 | D:3      | Found a shattered altar of Ashenzari.
  2039 | D:3      | Noticed Purgy
  2045 | D:3      | Killed Purgy
  2177 | D:3      | Found a snail-covered altar of Cheibriados.
  2353 | D:3      | Found a glowing golden altar of the Shining One.
  2493 | D:4      | Gained mutation: You sometimes gain power by taking damage. [demonic ancestry]
  2493 | D:4      | Reached XP level 7. HP: 21/55 MP: 7/7
  2966 | D:4      | Reached skill level 5 in Fighting
  3319 | D:4      | Reached skill level 5 in Long Blades
  3606 | D:4      | Reached skill level 5 in Armour
  3610 | D:4      | Reached *** piety under Trog
  3660 | D:4      | Found a runed door.
  3664 | D:4      | Noticed Crazy Yiuf
  3669 | D:4      | Killed Crazy Yiuf
  3669 | D:4      | Gained mutation: You are powered by pain. [demonic ancestry]
  3669 | D:4      | Reached XP level 8. HP: 62/62 MP: 8/8
  3800 | D:5      | Entered Level 5 of the Dungeon
  3927 | D:5      | Found an ornate altar of the Wu Jian Council.
  4102 | D:5      | Reached skill level 1 in Stealth
  4212 | D:5      | Noticed Scuka's ghost (novice MfBe)
  4224 | D:5      | Killed Scuka's ghost
  4851 | D:5      | Gained mutation: You are partially covered in sharp spines. [demonic ancestry]
  4851 | D:5      | Reached XP level 9. HP: 63/69 MP: 9/9
  4997 | D:5      | Reached **** piety under Trog
  5000 | D:5      | Reached skill level 1 in Shields
  5421 | D:6      | Found an ancient bone altar of Kikubaaqudgha.
  5822 | D:7      | Found a flagged portal.
  5845 | Bailey   | Entered a bailey
  5869 | Bailey   | Noticed an orc warlord
  5884 | Bailey   | Reached skill level 5 in Dodging
  6178 | Bailey   | Found a runed gate.
  6185 | Bailey   | Found a runed gate.
  6187 | Bailey   | Found a runed gate.
  6305 | Bailey   | Slain by an orc warlord

Skill      XL: |  1  2  3  4  5  6  7  8  9 |
---------------+----------------------------+-----
Long Blades    | 3 4 5 6 |  6.5
Armour         | 2 3 5 6 |  6.7
Dodging        | 2 3 4 5 |  5.0
Fighting       | 4 5 6 |  6.5
Stealth        | 1 |  1.5
Shields        | 2 |  2.6

Action                   |  1- 3 |  4- 6 |  7- 9 || total
-------------------------+-------+-------+-------++-------
Melee: Falchion          |    71 |    48 |   321 ||   440
       Headbutt          |    10 |    17 |    86 ||   113
Invok: Berserk           |     1 |     3 |    11 ||    15
       Burn Spellbooks   |       |       |     1 ||     1
       Brothers in Arms  |       |       |     1 ||     1
  Use: Scroll            |       |       |    12 ||    12
 Stab: Sleeping          |       |       |     1 ||     1
  Eat: Chunk             |     2 |     6 |    17 ||    25
       Ration            |       |       |     2 ||     2
Armor: Animal skin       |     1 |       |       ||     1
       Chain mail        |    33 |    27 |    52 ||   112
       Ring mail         |       |       |    75 ||    75
Dodge: Dodged            |    23 |    22 |   157 ||   202
Block: Large shield      |       |       |   142 ||   142
       Rpst.: Falchion   |     8 |     6 |    52 ||    66
